 Dungeon Crawl Stone Soup version 0.24.1 (webtiles) character file.

Game seed: 10939927498650723831, levelgen mode: deterministic

84 funkygono the Digger (level 4, -1/24 HPs)
             Began as a Gargoyle Earth Elementalist on Mar 25, 2020.
             Slain by a jackal (2 damage)
             ... on level 3 of the Dungeon.
             The game lasted 00:05:37 (2662 turns).

funkygono the Digger (Gargoyle Earth Elementalist)  Turns: 2662, Time: 00:05:38

Health: -1/24      AC: 10    Str: 11    XL:     4   Next: 45%
Magic:  6/8        EV: 10    Int: 17    God:
Gold:   135        SH:  0    Dex: 10    Spells: 4/8 levels left

rFire    . . .     SeeInvis .   f - +0 whip
rCold    . . .     Gourm    .   (no shield)
rNeg     + . .     Faith    .   m - +2 ring mail {rPois}
rPois    ∞         Spirit   .   (no helmet)
rElec    +         Reflect  .   (no cloak)
rCorr    .         Harm     .   (no gloves)
MR       .....                  (no boots)
Stlth    +.........             (no amulet)
HPRegen  0.08/turn              (no ring)
MPRegen  0.11/turn              (no ring)

@: no status effects
A: negative energy resistance 1, electricity resistance, unbreathing,
petrification resistance, rot immunity, AC +3
a: no special abilities


You were on level 3 of the Dungeon.
You were hungry.

You visited 1 branch of the dungeon, and saw 3 of its levels.

You collected 135 gold pieces.

Inventory:

Hand Weapons
 f - a +0 whip (weapon)
Missiles
 b - 35 stones (quivered)
Armour
 c - a +0 robe
 m - a +2 ring mail of poison resistance (worn)
Scrolls
 i - 2 scrolls of remove curse
Potions
 a - a potion of cancellation
 g - 2 potions of haste {unknown}
 j - a potion of degeneration {unknown}
 k - a potion of invisibility {unknown}
 l - a potion of might {unknown}
Comestibles
 d - 3 rations
 h - a chunk of flesh


   Skills:
 + Level 0.1 Maces & Flails
 * Level 0.4 Armour
 + Level 1.7 Dodging
 + Level 2.6 Stealth
 + Level 2.8 Spellcasting
 * Level 0.7 Conjurations
   Level 0.7 Transmutations
 + Level 4.8 Earth Magic


You had 4 spell levels left.
You knew the following spells:

 Your Spells              Type           Power        Failure   Level  Hunger
a - Sandblast             Erth           ###...       6%          1    #......
b - Stone Arrow           Conj/Erth      ##....       38%         3    ###....

Your spell library contained the following spells:

 Spells                   Type           Power        Failure   Level  Hunger
 Passwall                 Tmut/Erth      ##......     21%         2    ##.....
 Petrify                  Tmut/Erth      ##......     80%         4    #####..
 Lee's Rapid Deconstruct  Erth           ###.......   85%         5    ######.


Dungeon Overview and Level Annotations

Branches:
Dungeon (3/15)

Altars:
Gozag
Ru


Innate Abilities, Weirdness & Mutations

You are resistant to torment.
Your stone body is resilient. (AC +3)
You are immune to poison.
You resist negative energy. (rN+)
You are resistant to electric shocks. (rElec)
You can survive without breathing.
You are immune to petrification.
You are immune to rotting.


Message History

The worker ant is almost dead.
The jackal closely misses you.
The worker ant bites you but does no damage.
The jackal bites you but does no damage. x2
The dart slug bites you but does no damage.
You barely miss the worker ant.
The worker ant is almost dead.
The jackal bites you but does no damage.
The worker ant closely misses you. The jackal completely misses you.
The jackal bites you but does no damage.
The worker ant barely misses you.
Unknown command.
You barely miss the worker ant.
The worker ant is almost dead.
The jackal bites you but does no damage.
The jackal completely misses you. The dart slug bites you.
* * * LOW HITPOINT WARNING * * *
The worker ant bites you but does no damage.
The jackal bites you.
You die...

###### #....# #....#
#....# #...h# .(
#.hhh# ## ... #†lw@#
... ....###.a#####.#
............... $
....#....###.####..
.... !.
##.............[.....
#..........# .......
#..........###.......
###....######.l.<....
#.##...............


You could see a worker ant, a dart slug, 4 jackals and a frilled lizard.

Vanquished Creatures
  An adder (D:2)
  An ooze (D:1)
  4 worms
  3 dart slugs
  A leopard gecko (D:2)
  An orc (D:3)
  3 ball pythons
  A giant cockroach (D:2)
  6 goblins
  6 hobgoblins
  5 jackals (D:3)
  6 bats
  4 frilled lizards
  6 kobolds
  2 rats (D:2)
50 creatures vanquished.

Notes
Turn   | Place    | Note
-------+----------+-------------------------------------------
     0 | D:1      | funkygono the Gargoyle Earth Elementalist began the quest
                  | for the Orb.
     0 | D:1      | Reached XP level 1. HP: 10/10 MP: 3/3
   200 | D:1      | Reached skill level 4 in Earth Magic
   205 | D:1      | Reached XP level 2. HP: 15/15 MP: 1/5
   965 | D:2      | Found a sacrificial altar of Ru.
   971 | D:2      | Reached XP level 3. HP: 19/19 MP: 3/6
  1021 | D:2      | Learned a level 3 spell: Stone Arrow
  1709 | D:2      | Reached XP level 4. HP: 23/24 MP: 1/8
  1803 | D:2      | Found an opulent altar of Gozag.
  2662 | D:3      | HP: 1/24 [dart slug (1)]
  2662 | D:3      | Slain by a jackal

Levels and vault maps discovered:
D:1:      minmay_arrival_widening_spiral_narrow, layout_basic
D:2:      layout_loops_corners, lemuel_crystal_altar, marbit_many_paths
D:3:      layout_rooms

Skill      XL: |  1 |
---------------+----+-----
Earth Magic    | 4 |  4.8
Maces & Flails | |  0.1
Armour         | |  0.4
Dodging        | |  1.7
Stealth        | |  2.6
Spellcasting   | |  2.8
Conjurations   | |  0.7
Transmutations | |  0.7

Action                   |  1- 3 |  4- 6 || total
-------------------------+-------+-------++-------
Melee: Mace              |     1 |       ||     1
       Whip              |    18 |    61 ||    79
 Cast: Sandblast         |    26 |    10 ||    36
       Stone Arrow       |    12 |     8 ||    20
  Use: Scroll            |     6 |     1 ||     7
  Eat: Chunk             |     4 |     4 ||     8
Armor: Robe              |     5 |       ||     5
       Ring mail         |       |   121 ||   121
Dodge: Dodged            |    15 |   119 ||   134
